 Dungeon Crawl Stone Soup version 0.27.0-1-g7a089689b8 (webtiles) character file.

Game seed: 2320330547784421431

80656 robertstho the Eclecticist (level 16, 0/113 HPs)
             Began as a Djinni Fire Elementalist on Aug 11, 2021.
             Was an Initiate of Gozag.
             Slain by an orc knight (16 damage)
             ... on level 12 of the Dungeon.
             The game lasted 01:05:27 (25716 turns).

robertstho the Eclecticist (DjFE)                  Turns: 25716, Time: 01:05:28

Health: 0/113      AC: 18    Str:  7    XL:     16   Next: 15%
Gold:   2960       EV: 11    Int: 24    God:    Gozag SH: 10 Dex: 17

rFire    + + +     SeeInvis .   G - +3 Elemental Staff {rElec rF++ rC++ Will++ AC+5}
rCold    + + +     Faith    .   A - +2 shield of Resistance {rF++ rC++ Will++}
rNeg     . . .     Spirit   .   f - +0 troll leather armour
rPois    ∞         Reflect  .   S - +1 helmet
rElec    +         Harm     .   z - scarf {repulsion}
rCorr    .         Rampage  .   H - +1 pair of gloves {Dex+3}
Will     +++++                  (boots unavailable)
Stlth    +++.......             (no amulet)
HPRegen  1.28/turn              u - ring of protection from cold
MPRegen  0.00/turn              a - +4 ring of protection

@: gold aura, flying, repel missiles
A: sickness immunity, fire resistance 2, cold vulnerability 1, float, innate
caster, hp casting, extra vitality 1
a: Renounce Religion, Potion Petition, Call Merchant, Bribe Branch


You were on level 12 of the Dungeon.
You worshipped Gozag.
Gozag was most pleased with you.
You visited 4 branches of the dungeon, and saw 22 of its levels.
You also visited: Ossuary, Ice Cave and Volcano.

You collected 6391 gold pieces.
You spent 1544 gold pieces at shops.
You paid 1887 gold pieces to Gozag.

Inventory:

Hand Weapons
 q - the +6 whip of Governance {pain, rElec}
   (You found it on level 12 of the Dungeon)

   In the hands of one skilled in necromantic magic, it inflicts extra damage on
   living creatures.
   rElec:     It insulates you from electricity.
 w - the +10 mace "Tuteit" {vorpal, Str+4}
   (You found it on level 4 of the Dungeon)

   It inflicts extra damage upon your enemies.
   Str:       It affects your strength (+4).
 G - the +3 Elemental Staff (weapon) {rElec rF++ rC++ Will++ AC+5}
   (You acquired it in an ice cave)

   If the wielder is skilled in Evocations, they can discharge powerful blasts
   of elemental energy when striking with it.
   It enhances your fire, ice, earth and air magic.
   AC:        It affects your AC (+5).
   rF:        It greatly protects you from fire.
   rC:        It greatly protects you from cold.
   rElec:     It insulates you from electricity.
   Will:      It greatly increases your willpower.
 I - the +12 falchion "Vaib" {vorpal, +Blink Stlth+}
   (You bought it in a shop on level 9 of the Dungeon)

   It inflicts extra damage upon your enemies.
   +Blink:    It lets you blink.
   Stlth:     It makes you more stealthy.
 J - the +8 battleaxe of the Howling Queen {flame, Str+2}
   (You bought it in a shop on level 9 of the Dungeon)

   It burns those it strikes, dealing additional fire damage.
   Big, fiery blades are also staple armaments of hydra-hunters.
   Str:       It affects your strength (+2).
Armour
 f - a +0 troll leather armour (worn)
 y - a +2 robe of fire resistance
 z - a scarf of repulsion (worn)
 A - the +2 shield of Resistance (worn) {rF++ rC++ Will++}
   (You acquired it on level 6 of the Dungeon)

   rF:        It greatly protects you from fire.
   rC:        It greatly protects you from cold.
   Will:      It greatly increases your willpower.
 H - a +1 pair of gloves of dexterity (worn)
 S - a +1 helmet (worn)
Jewellery
 a - a +4 ring of protection (right hand)
 h - a +6 ring of strength
 n - a ring of wizardry
 s - a +6 ring of strength
 u - a ring of protection from cold (left hand)
 E - a +4 ring of evasion
 R - a ring of ice
Wands
 b - a wand of flame (34)
 r - a wand of iceblast (63)
 x - a wand of acid (12)
 P - a wand of mindburst (27)
Scrolls
 c - 3 scrolls of teleportation
 i - 2 scrolls of brand weapon
 p - a scroll of fog
 B - a scroll of summoning
 D - a scroll of fear
 L - 2 scrolls of enchant armour
 M - a scroll of blinking
 N - a scroll of magic mapping
 O - 3 scrolls of enchant weapon
Potions
 d - 4 potions of might
 e - 7 potions of brilliance
 g - 2 potions of attraction
 j - 6 potions of berserk rage
 k - 3 potions of ambrosia
 m - 3 potions of cancellation {unknown}
 o - 3 potions of invisibility {unknown}
 t - 3 potions of mutation {unknown}
 v - 2 potions of haste {unknown}
 C - a potion of resistance
 F - 3 potions of lignification
 Q - 2 potions of curing
Miscellaneous
 l - a tin of tremorstones (2/2)
 K - a condenser vane


   Skills:
 * Level 10.1 Fighting
 + Level 0.3 Short Blades
 + Level 2.2(2.7) Axes
 + Level 2.1(2.7) Maces & Flails
 + Level 0.6(1.6) Staves
 + Level 4.5 Armour
 + Level 5.0 Dodging
 + Level 5.3 Stealth
 + Level 3.3 Shields
 * Level 17.3 Spellcasting


You had 9 spell levels left.
You knew the following spells:

 Your Spells              Type           Power      Damage    Failure   Level
a - Foxfire               Conj/Fire      100%       2x1d9     0%          1
b - Conjure Flame         Conj/Fire      100%       6-21      1%          3
c - Inner Flame           Hex/Fire       100%       N/A       1%          3
d - Sticky Flame          Conj/Fire      100%       2d11      1%          4
e - Fireball              Conj/Fire      51%        3d20      1%          5
f - Freeze                Ice            100%       1d11      0%          1
g - Poisonous Vapours     Pois/Air       100%       N/A       1%          2
h - Dazzling Flash        Conj/Hex       100%       N/A       1%          3
i - Spider Form           Tmut/Pois      40%        N/A       1%          3
j - Petrify               Tmut/Erth      100%       N/A       1%          4
k - Silence               Hex/Air        51%        N/A       1%          5
l - Simulacrum            Ice/Necr       51%        N/A       1%          6
Your spell library was empty.

Dungeon Overview and Level Annotations

Branches:
Dungeon (14/15)            Temple (1/1) D:4            Lair (6/6) D:9
  Swamp (0/4) Lair:2       Spider (0/4) Lair:2        Slime (0/5) Lair:6
    Orc (1/2) D:12         Vaults (0/5) D:14        Ossuary (visited)
  IceCv (visited)         Volcano (visited)

Altars:
Ashenzari
Cheibriados
Dithmenos
Elyvilon
Fedhas
Gozag
Hepliaklqana
Kikubaaqudgha
Makhleb
Nemelex Xobeh
Okawaru
Qazlal
Ru
Sif Muna
Trog
Uskayaw
Vehumet
Wu Jian
Xom
Yredelemnul
Zin
The Shining One
Lugonu

Shops:
D:9 *   Lair:2 *

Annotations:
D:9 Weapon shop
D:11 2 transporters, exclusion: orange crystal statue
D:14 Azrael
Lair:2 145 ring


Innate Abilities, Weirdness & Mutations

You are immune to sickness and miasma.
You are immune to poison.
Your flesh is very heat resistant. (rF++)
You are vulnerable to cold. (rC-)
You float through the air rather than walking.
You learn spells naturally, not from books.
Your magical power is your life essence.
You have superior vitality. (+4 HP)


Message History

Aim: a warg (petrified)
You feel a surge of power!
The fireball explodes!
The fireball engulfs the warg!!
The warg is heavily wounded.
The fireball engulfs the warg!!
The warg is severely wounded.
* * * LOW HITPOINT WARNING * * *
Unknown command.
Casting: Fireball (mildly dangerous; 1% risk of failure)
Confirm with . or Enter, or press ? or * to list all spells.
Aiming: Fireball (mildly dangerous; 1% risk of failure)
Press: ? - help, Shift-Dir - straight line, f/p - warg
Aim: a warg (heavily wounded, petrified)
You feel a surge of power!
The fireball explodes!
The fireball engulfs the warg!
The warg is severely wounded.
You feel a bit more experienced.
* * * LOW HITPOINT WARNING * * *
Unknown command.
Casting: Fireball (mildly dangerous; 1% risk of failure)
Confirm with . or Enter, or press ? or * to list all spells.
Aiming: Fireball (mildly dangerous; 1% risk of failure)
Press: ? - help, Shift-Dir - straight line, f/p - warg
Aim: a warg (severely wounded, petrified)
You feel a surge of power!
The fireball explodes!
The fireball engulfs the warg!!!
You kill the warg!
* * * LOW HITPOINT WARNING * * *
Unknown command.
Casting: Fireball (mildly dangerous; 1% risk of failure)
Confirm with . or Enter, or press ? or * to list all spells.
Aiming: Petrify (safe; 1% risk of failure)
Press: ? - help, Shift-Dir - straight line, f - orc knight
Aim: an orc knight, wielding a +0 bardiche and wearing a +0 plate armour (moderately wounded, strong, chance to affect: 75%)
You feel a surge of power!
The orc knight is moving more slowly.
* * * LOW HITPOINT WARNING * * *
The orc knight no longer looks unusually strong.
The orc knight hits you from afar with a +0 bardiche!
You die...
Your body crumbles into a pile of gold.

...........#####.................
...........#...#.............####
#..........'...#.............#...
#.....######...#######.......#...
#.....'..............#.......#...
#.....###.........##)############
#.......#.........o)[[# #...#..
#.......#.........#)8)# #.8....
#.......#..$....@.#..h## ##[[.#..
#.......'.........####o###)####..
#.......'....(....# ##o..## #.#
........#.........# #.>.# #.#
....##'##.....###.# ##...## #.#
....#.....#####.#.####)###(####.#
....#.....#.....#.#.))#####)..###
....#.....#.....#.#.8)).....8....
....#.....'.....#.#.).#####...#..


You could see an orc knight (petrifying).

Vanquished Creatures
  Snorg (Lair:5)
  2 boulder beetles
  4 hydras
  Fannar (Lair:2)
  3 vault guards (D:14)
  An ogre mage (Volcano)
  4 centaur warriors
  2 catoblepae
  4 two-headed ogres
  6 death yaks
  Sonja (Lair:5)
  A goliath frog (Lair:6)
  A bog body (IceCv)
  A lindwurm (Lair:6)
  A wizard (D:14)
  Pikel (D:9)
  2 oklob plants (Lair:5)
  An ugly thing (D:12)
  2 deep elf pyromancers
  A necromancer (IceCv)
  4 cyclopes
  5 manticores
  An orc sorcerer (Orc:1)
  6 elephants
  3 centaur zombies (D:10)
  2 torpor snails
  4 black mambas
  A molten gargoyle (Volcano)
  2 ice statues (IceCv)
  22 cane toads
  A yaktaur (D:14)
  3 rime drakes
  2 freezing wraiths
  2 entropy weaver simulacra (IceCv)
  17 komodo dragons
  A tengu conjurer (D:12)
  5 jumping spiders (Lair:2)
  2 anaconda simulacra (IceCv)
  5 ice devils (IceCv)
  A polar bear (Lair:5)
  6 trolls
  Prince Ribbit (D:6)
  A jumping spider (shapeshifter) (D:14)
  4 tyrant leeches
  7 slime creatures
  A hornet (D:10)
  Grinder (D:6)
  5 dream sheep (Lair:3)
  18 blink frogs
  4 redbacks (Lair:2)
  3 wraiths
  2 shadows
  3 wyverns
  2 vampires
  2 dire elephant simulacra (IceCv)
  20 humans (D:14)
  A redback (shapeshifter) (D:14)
  38 yaks
  5 basilisks
  4 harpy simulacra (IceCv)
  8 vampire mosquitoes
  A death yak simulacrum (IceCv)
  3 wargs
  A swamp worm (Lair:2)
  4 acid dragons
  10 water moccasins
  An ice beast (D:5)
  An ogre (shapeshifter) (D:14)
  8 orc warriors
  3 ogres
  5 boggarts (D:14)
  A necrophage (D:6)
  8 wolves (Lair:3)
  A black bear (Lair:1)
  2 sky beasts (D:7)
  15 centaurs
  A phantom (D:5)
  4 lemures (D:9)
  5 kobold brigands
  Blork the orc (D:5)
  17 bullfrogs
  3 scorpions (D:9)
  A wyvern zombie (D:8)
  2 gnoll sergeants
  A cane toad simulacrum (IceCv)
  4 water moccasin zombies (Ossuary)
  A water moccasin skeleton (D:6)
  2 elephant simulacra (IceCv)
  8 killer bees
  2 electric eels
  2 lava snakes (Volcano)
  8 orc priests
  2 jellies
  3 hounds
  Jessica (D:3)
  2 iguanas
  Natasha (thrice) (D:4)
  13 orc wizards
  4 hell rats (Lair:4)
  A troll simulacrum (IceCv)
  A spriggan simulacrum (IceCv)
  A hound zombie (D:5)
  A hound skeleton (D:4)
  2 mummies (Ossuary)
  Robin (D:3)
  15 gnolls
  2 howler monkey skeletons
  7 adders
  An ufetubus (D:6)
  5 adder zombies (Ossuary)
  3 adder skeletons
  A worm (D:2)
  57 orcs
  7 ball pythons
  A bat (D:1)
  4 endoplasms
  6 giant cockroaches
  13 goblins
  7 hobgoblins
  10 jackals
  34 kobolds
  4 quokkas
  5 frilled lizards
  4 gnoll zombies (Ossuary)
  A goblin zombie (D:6)
  4 hobgoblin zombies (Ossuary)
  A kobold zombie (Ossuary)
  4 orc zombies (Ossuary)
  A quokka zombie (D:6)
  4 rats
  4 bushes
631 creatures vanquished.

Vanquished Creatures (collateral kills)
  21 foxfires (D:9)
21 creatures vanquished.

Vanquished Creatures (others)
  An orc wizard (D:8)
  953 foxfires
  17 fungi
  89 plants
1060 creatures vanquished.

Grand Total: 1712 creatures vanquished

Notes
Turn   | Place    | Note
-------+----------+-------------------------------------------
     0 | D:1      | robertstho the Djinni Fire Elementalist began the quest for
                  | the Orb.
     0 | D:1      | Reached XP level 1. HP: 15/15 MP: 0/0
   322 | D:1      | Reached XP level 2. HP: 20/22 MP: 0/0
  1134 | D:1      | Reached skill level 3 in Spellcasting
  1457 | D:2      | Reached XP level 3. HP: 15/26 MP: 0/0
  1457 | D:2      | Learned a level 1 spell: Freeze
  1467 | D:1      | Reached skill level 1 in Fighting
  2029 | D:2      | Reached XP level 4. HP: 29/32 MP: 0/0
  2540 | D:2      | Noticed an ogre
  2564 | D:2      | Killed an ogre
  2565 | D:2      | Reached skill level 4 in Spellcasting
  2565 | D:2      | Reached XP level 5. HP: 30/37 MP: 0/0
  2565 | D:2      | Learned a level 2 spell: Poisonous Vapours
  3004 | D:2      | Found a faded altar of an unknown god.
  3105 | D:3      | Noticed Jessica
  3111 | D:3      | Killed Jessica
  3118 | D:3      | Reached XP level 6. HP: 26/42 MP: 0/0
  3515 | D:3      | Noticed Robin
  3522 | D:3      | Killed Robin
  3920 | D:3      | Found a white marble altar of Elyvilon.
  4356 | D:4      | Identified the +10 mace "Tuteit" {vorpal, Str+4}
  4419 | D:4      | Found an ornate altar of the Wu Jian Council.
  4469 | D:4      | Noticed Natasha
  4474 | D:4      | Killed Natasha
  4475 | D:4      | Reached skill level 5 in Spellcasting
  4558 | D:4      | Found a broken altar of Ashenzari.
  4705 | D:4      | Found a stormy altar of Qazlal.
  4754 | D:4      | Found a staircase to the Ecumenical Temple.
  4768 | Temple   | Entered the Ecumenical Temple
  4855 | D:4      | Noticed Natasha
  4858 | D:4      | Killed Natasha
  4859 | D:4      | Reached XP level 7. HP: 49/49 MP: 0/0
  4859 | D:4      | Learned a level 3 spell: Dazzling Flash
  5018 | D:4      | Found a hide-covered altar of Uskayaw.
  5054 | D:4      | Found a sparkling altar of Nemelex Xobeh.
  5186 | D:4      | Noticed Natasha
  5190 | D:4      | Killed Natasha
  5313 | D:5      | Entered Level 5 of the Dungeon
  5919 | D:5      | Reached skill level 6 in Spellcasting
  6031 | D:5      | Reached XP level 8. HP: 27/55 MP: 0/0
  6351 | D:6      | Noticed Grinder
  6359 | D:6      | Killed Grinder
  6451 | D:6      | Identified 2 scrolls of acquirement
  6451 | D:6      | Acquired the +2 shield of Resistance {rF++ rC++ Will++}
  6452 | D:6      | Found the +2 shield of Resistance {rF++ rC++ Will++}
  6453 | D:6      | Acquired 946 gold pieces
  6466 | D:6      | Noticed Prince Ribbit
  6478 | D:6      | HP: 2/55 [Prince Ribbit (3)]
  6480 | D:6      | Reached skill level 7 in Spellcasting
  6482 | D:6      | Killed Prince Ribbit
  6497 | D:6      | Found a sand-covered staircase.
  6507 | Ossuary  | Entered an ossuary
  6930 | Ossuary  | Reached XP level 9. HP: 41/62 MP: 0/0
  6930 | Ossuary  | Learned a level 3 spell: Spider Form
  7490 | D:6      | Reached skill level 8 in Spellcasting
  8013 | D:5      | Noticed Blork the orc
  8021 | D:5      | Killed Blork the orc
  9235 | D:7      | Reached skill level 9 in Spellcasting
  9427 | D:7      | Noticed a troll
  9428 | D:7      | Noticed a deep elf pyromancer
  9431 | D:7      | Killed a troll
 10045 | D:7      | Killed a deep elf pyromancer
 10046 | D:7      | Reached XP level 10. HP: 58/69 MP: 0/0
 10509 | D:7      | Reached skill level 10 in Spellcasting
 10536 | D:7      | Reached skill level 1 in Maces & Flails
 10547 | D:8      | Reached skill level 5 in Fighting
 11036 | D:8      | Found a blossoming altar of Fedhas.
 11395 | D:9      | Reached skill level 1 in Armour
 11403 | D:9      | Reached XP level 11. HP: 73/76 MP: 0/0
 11403 | D:9      | Learned a level 4 spell: Petrify
 11533 | D:9      | Found a sacrificial altar of Ru.
 11564 | D:9      | Noticed Pikel
 11579 | D:9      | Found an opulent altar of Gozag.
 11708 | D:9      | Killed Pikel
 11709 | D:9      | Reached skill level 1 in Shields
 11743 | D:9      | Became a worshipper of Gozag Ym Sagoz the Greedy
 12125 | D:9      | Noticed a cyclops
 12127 | D:9      | Reached skill level 11 in Spellcasting
 12136 | D:9      | Killed a cyclops
 12397 | D:9      | Found a staircase to the Lair.
 12467 | D:9      | Bought an inky potion for 19 gold pieces
 12467 | D:9      | Bought a fluorescent wand for 88 gold pieces
 12467 | D:9      | Bought a scroll of identify for 44 gold pieces
 12467 | D:9      | Bought a pair of embroidered gloves for 165 gold pieces
 12508 | D:10     | Entered Level 10 of the Dungeon
 12615 | D:10     | Found a bloodstained altar of Trog.
 12898 | D:10     | Noticed a boulder beetle
 12900 | D:10     | Noticed a two-headed ogre
 12911 | D:10     | Killed a two-headed ogre
 12914 | D:10     | Killed a boulder beetle
 12915 | D:10     | Reached skill level 12 in Spellcasting
 13268 | D:11     | Noticed a cyclops
 13273 | D:11     | Killed a cyclops
 13274 | D:11     | Reached XP level 12. HP: 64/84 MP: 0/0
 13383 | D:11     | Found a transporter.
 13486 | D:11     | Found a stormy altar of Qazlal.
 13545 | D:11     | Found a corrupted altar of Lugonu.
 13668 | D:11     | Found a transporter.
 13966 | D:12     | Found a staircase to the Orcish Mines.
 14613 | D:12     | Noticed a skeletal warrior
 14614 | D:12     | Noticed a death knight
 14724 | Lair:1   | Entered Level 1 of the Lair of Beasts
 14777 | D:9      | Bought a dazzling falchion for 176 gold pieces
 14777 | D:9      | Identified the +12 falchion "Vaib" {vorpal, +Blink Stlth+}
                  | (You bought it in a shop on level 9 of the Dungeon)
 14777 | D:9      | Bought an ivory battleaxe for 253 gold pieces
 14777 | D:9      | Identified the +8 battleaxe of the Howling Queen {flame,
                  | Str+2} (You bought it in a shop on level 9 of the Dungeon)
 14777 | D:9      | Bought an emerald potion for 19 gold pieces
 14838 | Lair:1   | Noticed a five-headed hydra
 14852 | Lair:1   | Killed a five-headed hydra
 15362 | Lair:1   | Reached skill level 13 in Spellcasting
 15996 | Lair:2   | Noticed Fannar
 16008 | Lair:2   | Killed Fannar
 16035 | Lair:2   | Reached XP level 13. HP: 20/90 MP: 0/0
 16035 | Lair:2   | Learned a level 5 spell: Silence
 16358 | Lair:2   | Found a staircase to the Swamp.
 16406 | Lair:2   | Found a hole to the Spider Nest.
 16621 | Lair:2   | Reached skill level 14 in Spellcasting
 16970 | Lair:2   | Bought a glowing emerald potion for 26 gold pieces
 16970 | Lair:2   | Bought a scroll of teleportation for 87 gold pieces
 16970 | Lair:2   | Bought a garnet ring for 145 gold pieces
 16970 | Lair:2   | Bought a potion of heal wounds for 145 gold pieces
 16970 | Lair:2   | Bought a potion of curing for 87 gold pieces
 16970 | Lair:2   | Bought a potion of curing for 87 gold pieces
 16970 | Lair:2   | Bought a scroll of identify for 58 gold pieces
 17082 | Lair:3   | Noticed a seven-headed hydra
 17088 | Lair:3   | Killed a seven-headed hydra
 17344 | Lair:3   | Reached skill level 1 in Axes
 17344 | Lair:3   | Found a sparkling altar of Nemelex Xobeh.
 17925 | Lair:3   | Noticed a catoblepas
 17931 | Lair:3   | Killed a catoblepas
 18495 | Lair:4   | Found a dark tunnel.
 18504 | Volcano  | Entered a volcano
 18554 | Volcano  | Found a burning altar of Makhleb.
 18554 | Volcano  | Noticed an ogre mage
 18562 | Volcano  | Reached XP level 14. HP: 76/99 MP: 0/0
 18566 | Volcano  | Reached skill level 15 in Spellcasting
 18622 | Volcano  | Noticed a red draconian
 18741 | Volcano  | HP: 4/99 [red draconian (1)]
 19230 | Lair:2   | Bought a bone ring for 145 gold pieces
 19476 | D:12     | Identified the +6 whip of Governance {pain, rElec}
 19790 | D:13     | Found a frozen archway.
 19799 | IceCv    | Entered an ice cave
 19957 | IceCv    | Reached skill level 5 in Stealth
 20480 | IceCv    | Acquired the +3 Elemental Staff {rElec rF++ rC++ Will++
                  | AC+5}
 20481 | IceCv    | Found the +3 Elemental Staff {rElec rF++ rC++ Will++ AC+5}
 20992 | D:14     | Found a blossoming altar of Fedhas.
 21122 | D:14     | Reached skill level 16 in Spellcasting
 21122 | D:14     | Reached XP level 15. HP: 48/105 MP: 0/0
 21122 | D:14     | Learned a level 6 spell: Simulacrum
 21304 | D:14     | Found a gate to the Vaults.
 22262 | D:14     | Noticed Azrael
 22384 | Orc:1    | Entered Level 1 of the Orcish Mines
 22394 | Orc:1    | Noticed an orc warlord
 23276 | Lair:5   | Noticed Sonja
 23280 | Lair:5   | Killed Sonja
 23591 | Lair:5   | Noticed Snorg
 23601 | Lair:5   | Killed Snorg
 24187 | Lair:6   | Entered Level 6 of the Lair of Beasts
 24209 | Lair:6   | Reached skill level 17 in Spellcasting
 24746 | Lair:6   | Reached XP level 16. HP: 101/113 MP: 0/0
 24782 | Lair:6   | Reached skill level 10 in Fighting
 24965 | Lair:6   | Reached skill level 5 in Dodging
 25012 | Lair:6   | Found a staircase to the Slime Pits.
 25716 | D:12     | Slain by an orc knight

Illustrated notes

Levels and vault maps discovered:
D:1:      lightli_arrival_flooded_house, layout_loops_corners,
          minmay_misc_feat_five, chequers_serial_rivers_large_a
D:2:      layout_loops_cross, ebering_ecumenical_altar_hall
D:3:      layout_basic, elyvilon_altar_1, uniq_robin, uniq_jessica
D:4:      layout_basic, kennysheep_mini_moat, nicolae_overflow_quartered_altars,
          minmay_temple_entry_poolview, uniq_natasha
D:5:      layout_cave_pods, uniq_blork_the_orc
D:6:      layout_loops_ring, enter_ossuary_4, hangedman_decor_peaks_small,
          uniq_grinder, uniq_prince_ribbit1
D:7:      kennysheep_big_flooded_room, layout_gridville,
          hellmonk_bongcloud_opening
D:8:      layout_loops_ring, mainiacjoe_overflow_surrounded_room
D:9:      layout_gridville, mainiacjoe_overflow_six_doors_small,
          amcnicky_altar_gilded, grunt_lair_entry_orc_guard_hut,
          grunt_ministairs_5, uniq_pikel
D:10:     layout_cave_pools, mainiacjoe_overflow_24_doors,
          minmay_misc_feat_columns, minmay_diced_spiral
D:11:     gammafunk_corrupted_shrine, layout_cross, minivault_16,
          nicolae_qazlal_eye_of_the_storm
D:12:     layout_irregular_city, hiddenorc2_lemuel
D:13:     layout_long_grid, gauntlet_entry_generic, portal_ice_cave_rime
D:14:     layout_layer_cave, grunt_vaults_entry_tiered, fedhas_altar_2,
          serial_glass, glass_columns_c, glass_columns_b, patterned_corridor,
          uniq_azrael
Temple:   nicolae_temple_x_marks_the_god
Lair:1:   layout_cave_pods
Lair:2:   layout_chaotic_city, minmay_swamp_entry_worms,
          nicolae_spider_entry_tight_spaces, fungi_pond_lemuel,
          lemuel_fruit_fields, uniq_fannar
Lair:3:   layout_cave_pods, special_room, basic_altar
Lair:4:   layout_gridlike, nicolae_volcano_entry_lava_flow, beast_lair_carwin_8,
          infiniplex_staircase_pool_2, serial_bayou_shore_a
Lair:5:   layout_roguey, grunt_forest_small_clearings, beast_lair_carwin_1,
          minmay_lair_oklob_chamber, uniq_snorg, uniq_sonja
Lair:6:   minmay_lair_end_frog_pond, layout_cave_pods,
          minmay_slime_entry_pillars
Orc:1:    layout_caves, uniq_gastronok

Skill      XL: |  1  2  3  4  5  6  7  8  9 10 11 12 13 14 15 16 |
---------------+-------------------------------------------------+-----
Spellcasting   | 3 4 5 6 7 9 10 12 13 14 16 17 | 17.3
Fighting       | 1 2 3 4 5 6 7 8 9 10 | 10.1
Stealth        | 2 3 4 5 |  5.3
Dodging        | 3 4 5 |  5.0
Maces & Flails | 1 2 |  2.1
Armour         | 1 2 3 4 |  4.5
Shields        | 1 2 3 |  3.3
Axes           | 1 2 |  2.2
Short Blades   | |  0.3
Staves         | |  0.6

Action                   |  1- 3 |  4- 6 |  7- 9 | 10-12 | 13-15 | 16-18 || total
-------------------------+-------+-------+-------+-------+-------+-------++-------
Melee: Unarmed           |     1 |       |       |       |       |       ||     1
       Short sword       |       |     4 |       |       |       |       ||     4
       Mace              |       |     1 |     4 |    24 |    15 |       ||    44
       Battleaxe         |       |       |       |     1 |    49 |       ||    50
       Staff             |       |       |       |       |    43 |     2 ||    45
 Cast: Foxfire           |    72 |   146 |   202 |   172 |     8 |       ||   600
       Freeze            |     5 |     8 |    14 |       |    12 |       ||    39
       Conjure Flame     |       |     1 |       |       |       |       ||     1
       Sticky Flame      |       |       |    22 |    38 |    70 |     4 ||   134
       Fireball          |       |       |    15 |   155 |   402 |    33 ||   605
       Petrify           |       |       |       |    22 |   108 |     8 ||   138
       Poisonous Vapours |       |       |       |       |     1 |       ||     1
Invok: Call Merchant     |       |       |       |     1 |     1 |       ||     2
       Potion Petition   |       |       |       |     1 |       |       ||     1
Evoke: Wand              |       |       |       |     2 |       |       ||     2
  Use: Scroll            |       |     1 |    13 |     5 |    18 |       ||    37
       Potion            |       |       |     9 |     2 |     5 |       ||    16
 Stab: Sleeping          |       |     1 |       |     1 |     1 |       ||     3
       Petrified         |       |       |       |       |    46 |       ||    46
       Petrifying        |       |       |       |       |     7 |       ||     7
Armor: Robe              |     7 |     6 |     8 |       |       |       ||    21
       Troll leather arm |       |       |       |    27 |    90 |    10 ||   127
Dodge: Dodged            |    19 |    11 |    47 |    31 |   148 |     4 ||   260
       Repelled          |       |       |       |     1 |     5 |       ||     6
Block: Kite shield       |       |       |       |    45 |    62 |     8 ||   115
